 Dungeon Crawl Stone Soup version 0.27.1-34-g3ba077fa99 (webtiles) character file.

Game seed: 15451165605144026477

54 pkoi the Insei (level 3, -5/31 HPs)
             Began as a Draconian Monk on Jan 6, 2022.
             Slain by a worm (10 damage)
             ... on level 2 of the Dungeon.
             The game lasted 00:01:29 (1743 turns).

pkoi the Insei (Draconian Monk)                     Turns: 1743, Time: 00:01:30

Health: -5/31      AC:  5    Str: 13    XL:     3   Next: 66%
Magic:  3/3        EV: 12    Int: 11    God:
Gold:   54         SH:  0    Dex: 13    Spells: 2/2 levels left

rFire    . . .     SeeInvis .     - Unarmed
rCold    . . .     Faith    .   (no shield)
rNeg     . . .     Spirit   .   (armour unavailable)
rPois    .         Reflect  .   (helmet restricted)
rElec    .         Harm     .   (no cloak)
rCorr    .         Rampage  .   (no gloves)
Will     .....                  (no boots)
Stlth    ++........             (no amulet)
HPRegen  0.10/turn              (no ring)
MPRegen  0.08/turn              (no ring)

@: no status effects
A: AC +5, unfitting armour, cold-blooded
a: no special abilities


You were on level 2 of the Dungeon.
You visited 1 branch of the dungeon, and saw 2 of its levels.

You collected 54 gold pieces.

Inventory:

Missiles
 c - 9 poisoned darts (quivered)
 d - 7 silver javelins
Scrolls
 b - a scroll of vulnerability {unknown}
 e - a scroll of teleportation {unknown}
Potions
 a - a potion of invisibility {unknown}


   Skills:
 - Level 3.2 Fighting
 - Level 2.6 Dodging
 - Level 1.7 Stealth
 + Level 4.7 Unarmed Combat


You had 2 spell levels left.
You didn't know any spells.
Your spell library contained the following spells:

 Spells                   Type           Power      Damage    Failure   Level
 Stone Arrow              Conj/Erth      0%         3d7       71%         3
 Lehudib's Crystal Spear  Conj/Erth      0%         10d2      100%        8
 Animate Armour           Summ/Erth      Unusable   N/A       N/A         4

Dungeon Overview and Level Annotations

Branches:
Dungeon (2/15)

Altars:


Innate Abilities, Weirdness & Mutations

Your plain brown scales are hard. (AC +5)
You cannot fit into any form of body armour.
You are cold-blooded and may be slowed by cold attacks.


Message History

You kill the adder!
You miss the frilled lizard. The frilled lizard closely misses you.
The worm closely misses you.
You miss the frilled lizard. The frilled lizard barely misses you.
You closely miss the frilled lizard. The worm bites you.
* * * LOW HITPOINT WARNING * * *
The frilled lizard barely misses you.
You barely miss the frilled lizard.
The frilled lizard unfolds its giant frill.
The frilled lizard bites you.
* * * LOW HITPOINT WARNING * * *
You completely miss the frilled lizard. The worm barely misses you.
The frilled lizard hisses.
The frilled lizard bites you but does no damage.
You hit the frilled lizard.
You kill the frilled lizard!
The jackal misses you. The worm bites you.
* * * LOW HITPOINT WARNING * * *
You miss the jackal.
The jackal bites you but does no damage.
You completely miss the jackal. You tail-slap the jackal.
The jackal is moderately wounded.
The jackal closely misses you. The worm barely misses you.
You barely miss the jackal.
The jackal is moderately wounded.
The jackal barely misses you.
The jackal bites you but does no damage.
You closely miss the jackal.
The jackal is moderately wounded.
The worm bites you.
* * * LOW HITPOINT WARNING * * *
The jackal barely misses you.
You hit the jackal.
You kill the jackal!
The worm barely misses you.
You hit the jackal.
You kill the jackal!
Unknown command.
You barely miss the worm. The worm bites you!
You die...

##.................# ###
#..h.#######...###.# #....#
#...# #.######## #.r.##
#P.####........# #####..h#
+....##........# #.......##
#P.#.##........# ..........#
#..#.##........#
##.....#..#######..#.###.......#
####.##.....hr@w....# #.......#
#.# ##..######.######......)#
#.# ###. ##.##......###### ## ##
##...#.####.######
##......#..........
#.........##.##.##.
##......####.##.##.
##...#.####.##.##.
##.##......##.###


You could see a worm, a jackal and a rat.

Vanquished Creatures
  An adder (D:2)
  A worm (D:2)
  2 dart slugs (D:1)
  2 bats (D:1)
  3 endoplasms (D:1)
  A giant cockroach (D:2)
  A hobgoblin (D:1)
  9 jackals
  2 quokkas (D:1)
  6 ball pythons
  3 frilled lizards
  2 kobolds (D:1)
  2 rats (D:1)
35 creatures vanquished.

Vanquished Creatures (others)
  5 toadstools (D:1)
5 creatures vanquished.

Grand Total: 40 creatures vanquished

Notes
Turn   | Place    | Note
-------+----------+-------------------------------------------
     0 | D:1      | pkoi the Draconian Monk began the quest for the Orb.
     0 | D:1      | Reached XP level 1. HP: 19/19 MP: 1/1
   214 | D:1      | Reached XP level 2. HP: 7/26 MP: 2/2
  1063 | D:1      | Reached skill level 4 in Unarmed Combat
  1288 | D:1      | Reached XP level 3. HP: 31/31 MP: 3/3
  1743 | D:2      | Slain by a worm

Illustrated notes

Levels and vault maps discovered:
D:1:      ldierk_walled_garden, layout_loops_ring
D:2:      layout_loops_cross, serial_shops, nicolae_shop_crystal,
          dreamdust_ecumenical_altar_sealed_demon, minmay_pentomino_pile

Skill      XL: |  1  2 |
---------------+-------+-----
Unarmed Combat | 4 |  4.7
Fighting       | |  3.2
Dodging        | |  2.6
Stealth        | |  1.7

Action                   || total
-------------------------++-------
Melee: Unarmed           ||   148
       Tailslap          ||    18
       Punch             ||     2
 Stab: Sleeping          ||     3
Armor: Skin              ||    48
Dodge: Dodged            ||    96
